 Dungeon Crawl Stone Soup version bcrawl-1.41 (webtiles) character file.

Game seed: 11742084761746309154

271226 Finalfun the Arsonist (level 9, -1/51 HPs)
             Began as a Fairy Fire Elementalist on Mar 25, 2024.
             Was an Elder of Sif Muna.
             Slain by an orc warrior
             ... wielding a +0 war axe
              (20 damage)
             ... on level 8 of the Dungeon.
             The game lasted 00:18:55 (6277 turns).

Finalfun the Arsonist (Fairy Fire Elementalist)     Turns: 6277, Time: 00:18:56

Health: -1/51      AC:  8    Str:  6    XL:     9   Next: 48%
Magic:  15/22      EV: 16    Int: 21    God:    Sif Muna [****..]
Gold:   187        SH:  6    Dex: 14    Spells: 7/24 levels left

rFire    + + .     GDR:     26% y - staff of fire
rCold    x . .     SeeInvis .   (shield currently unavailable)
rNeg     + . .     Gourm    .   (armour unavailable)
rPois    .         Faith    .   (no helmet)
rElec    .         Spirit   .   (no cloak)
rCorr    .         Reflect  .   g - +0 pair of gloves
MR       .....                  j - +0 pair of boots
Stlth    +.........             (no amulet)
HPRegen  0.18/turn              u - ring "Jyintivi" {Fire rN+}
MPRegen  0.18/turn              (no ring)

@: flying evasively
A: small, magic attunement, unstealthy, unfitting armour, able to fly, AC/SH +6
a: Stop Flying, Divine Energy, Channel Magic, Forget Spell, Renounce Religion


You were on level 8 of the Dungeon.
You worshipped Sif Muna.
Sif Muna was greatly pleased with you.
You were not hungry.

You visited 2 branches of the dungeon, and saw 9 of its levels.

You collected 444 gold pieces.
You spent 257 gold pieces at shops.

Inventory:

Missiles
 c - 631 stones
 i - a throwing net {=f}
 l - 147 poisoned tomahawks (quivered)
 r - 119 arrows
Armour
 g - a +0 pair of gloves (worn)
 j - a +0 pair of boots (worn)
Magical Staves
 y - an uncursed staff of fire (weapon)
Jewellery
 u - the ring "Jyintivi" (left hand) {Fire rN+}
   (You found it on level 5 of the Dungeon)

   [ring of fire]

   It enhances your fire magic.
   It protects you from fire.
   It makes you vulnerable to cold.
   It protects you from negative energy.
 w - the amulet "Quhyfiro" {Reflect Int+4 Dex-2 SH+6, unknown}
   (You bought it in a shop on level 6 of the Dungeon)

   [amulet of reflection]

   It shields you and reflects attacks.
   It affects your intelligence (+4).
   It affects your dexterity (-2).
   It affects your SH (+6).
Wands
 b - a wand of flame (4)
 o - a wand of disintegration (17)
 t - a wand of random effects (7)
Scrolls
 a - 3 scrolls of remove curse
 d - 3 scrolls of immolation {unknown}
 f - 7 scrolls of teleportation
 h - 6 scrolls of enchant armour
 k - 2 scrolls of enchant weapon
 m - a scroll of amnesia {unknown}
 n - 2 scrolls of revelation
 x - a scroll of blinking {unknown}
Potions
 p - 2 potions of flight
 v - a potion of might
Comestibles
 e - 11 rations {!d}
 q - 3 chunks of flesh


   Skills:
 - Level 2.6 Dodging
 - Level 1.5 Stealth
 + Level 8.2 Spellcasting
 + Level 7.7 Conjurations
 - Level 4.0 Summonings
 + Level 3.0 Transmutations
 + Level 8.6 Fire Magic
 + Level 2.1 Ice Magic


You had 7 spell levels left.
You knew the following spells:

 Your Spells              Type           Power        Failure   Level  Hunger
a - Flame Tongue          Conj/Fire      #####        1%          1    None
b - Conjure Flame         Conj/Fire      #######.     1%          3    None
c - Fireball              Conj/Fire      #######...   8%          5    None
d - Call Imp              Summ           ####..       2%          2    None
e - Sticks to Snakes      Tmut           ###.....     3%          2    None
f - Throw Icicle          Conj/Ice       ####....     11%         4    None

Your spell library contained the following spells:

 Spells                   Type           Power        Failure   Level  Hunger
 Flaming Arrows           Chrm/Fire      ######..     1%          2    None
 Throw Frost              Conj/Ice       ####..       1%          2    None
 Beastly Appendage        Tmut           ###...       2%          1    None
 Sticky Flame             Conj/Fire      #######.     2%          4    None
 Freeze                   Ice            ###...       3%          1    None
 Inner Flame              Hex/Fire       N/A          4%          3    None
 Passwall                 Tmut/Erth      ###.....     6%          2    None
 Spider Form              Tmut/Pois      ###          12%         3    None
 Ozocubu's Armour         Chrm/Ice       ##......     16%         3    None
 Summon Ice Beast         Ice/Summ       ###.....     22%         4    None
 Ice Form                 Ice/Tmut       ###.....     26%         4    None
 Petrify                  Tmut/Erth      ###.......   38%         4    None
 Blade Hands              Tmut           ###.......   52%         5    None
 Summon Fire Elementals   Fire/Summ      ######...    99%         7    None
 Borgnjor's Vile Clutch   Necr/Erth      #.........   100%        6    None
 Lehudib's Crystal Spear  Conj/Erth      ###.......   100%        8    None


Dungeon Overview and Level Annotations

Branches:
Dungeon (8/12)             Temple (1/1) D:5
   Lair: D:7-9          Orc: D:8-11

Altars:
Ashenzari
Cheibriados
Dithmenos
Elyvilon
Fedhas
Gozag
Hepliaklqana
Kikubaaqudgha
Lugonu
Makhleb
Nemelex Xobeh
Okawaru
Qazlal
Ru
Sif Muna
Trog
Uskayaw
Vehumet
Wu Jian
Xom
Yredelemnul
Zin
The Shining One

Shops:
D:5 ?   D:6 *

Annotations:
D:6 1 runed door


Innate Abilities, Weirdness & Mutations

Your spells do not cause hunger and MP costs are reduced by 1.
Your bright wings attract enemies. (Stealth-)
You cannot fit into any form of body armour.
Your shimmering scales are hard and can block incoming attacks. (AC +6, SH +6)
You are small and have problems with some larger weapons.
You can fly continuously.


Message History

Press: ? - help, Shift-Dir - straight line, f - orc warrior
Aim: an orc warrior, wielding a +0 war axe and wearing a +0 plate armour You feel a strong surge of power!
The flame tongue hits the orc warrior.
The orc warrior is lightly wounded.
The orc warrior hits you with a +0 war axe!
The orc warrior completely misses your water moccasin.
The orc warrior hits your iron imp with a +0 war axe. x2
Your iron imp hits the orc warrior.
Your iron imp barely misses the orc warrior.
Casting: Flame Tongue (safe; 1% risk of failure)
Confirm with . or Enter, or press ? or * to list all spells.
Aiming: Flame Tongue (safe; 1% risk of failure)
Press: ? - help, Shift-Dir - straight line, f/p - orc warrior
Aim: an orc warrior, wielding a +0 war axe and wearing a +0 plate armour (lightly wounded)
You feel a strong surge of power!
The flame tongue hits the orc warrior!
The orc warrior is heavily wounded.
Your water moccasin barely misses the orc warrior.
Your adder bites the orc warrior but does no damage.
The orc warrior hits you with a +0 war axe!!
You die...

####.... #.# #.# #......
#.# #%# #...... #.# #.#
#.....# #.# #.#
#.....########.# #..
####..............######
...'....5...†..........>
#..So5S........##.###
#..S@..........##.#
#...S..........##.#
#.....########'##.#
########........#.#
#........#.#
#........#.#
#........#.#
#######'##.# #.##.#


You could see an orc warrior, a friendly water moccasin, 2 friendly iron imps, a
friendly adder and 2 friendly ball pythons.

Vanquished Creatures
  A troll (D:4)
  Grum (D:8)
  3 sky beasts
  2 orc warriors
  An ice beast (D:5)
  2 ogres
  A phantom (D:5)
  3 wolves (D:8)
  A bullfrog (D:5)
  A centaur (D:5)
  2 scorpions
  2 howler monkeys
  2 orc priests
  A crimson imp (D:6)
  A jelly (D:5)
  2 orc wizards (D:3)
  2 bullfrog skeletons
  An iguana (D:5)
  3 worker ants
  A killer bee zombie (D:6)
  A worker ant zombie (D:5)
  2 gnolls (D:7)
  A howler monkey zombie (D:7)
  5 adders
  A shadow imp (D:5)
  An ooze (D:2)
  2 adder skeletons (D:4)
  4 worms
  2 leopard geckos
  8 orcs
  2 ball pythons (D:1)
  3 giant cockroaches
  A goblin (D:1)
  8 hobgoblins
  5 jackals (D:5)
  16 kobolds
  4 quokkas
  3 bats
  A frilled lizard (D:2)
  3 rats
106 creatures vanquished.

Vanquished Creatures (collateral kills)
  A kobold brigand (D:6)
  A crimson imp (D:8)
  An orc priest (D:7)
  A gnoll (D:7)
  A quokka (D:6)
  A kobold (D:6)
6 creatures vanquished.

Grand Total: 112 creatures vanquished

Notes
Turn   | Place    | Note
-------+----------+-------------------------------------------
     0 | D:1      | Finalfun the Fairy Fire Elementalist began the quest for
                  | the Orb.
     0 | D:1      | Reached XP level 1. HP: 11/11 MP: 5/5
   205 | D:1      | Reached XP level 2. HP: 17/17 MP: 6/6
  1035 | D:2      | Noticed a crimson imp
  1099 | D:2      | Reached XP level 3. HP: 21/21 MP: 8/8
  1167 | D:2      | Found a shattered altar of Ashenzari.
  1548 | D:3      | Learned a level 3 spell: Conjure Flame
  1594 | D:3      | Reached XP level 4. HP: 18/27 MP: 10/10
  1795 | D:3      | Reached XP level 5. HP: 23/31 MP: 10/12
  1801 | D:3      | Found a blossoming altar of Fedhas.
  1864 | D:3      | Reached skill level 5 in Fire Magic
  2014 | D:3      | Learned a level 5 spell: Fireball
  2281 | D:3      | Found a shimmering blue altar of Sif Muna.
  2287 | D:3      | Became a worshipper of Sif Muna the Loreminder
  2398 | D:4      | Noticed a troll
  2421 | D:4      | Killed a troll
  2422 | D:4      | Reached skill level 5 in Spellcasting
  2422 | D:4      | Reached XP level 6. HP: 36/36 MP: 6/15
  2442 | D:4      | Noticed a sky beast
  2455 | D:4      | Killed a sky beast
  2456 | D:4      | Reached * piety under Sif Muna
  2456 | D:4      | Reached skill level 5 in Conjurations
  2456 | D:4      | Reached XP level 7. HP: 41/41 MP: 10/16
  3139 | D:5      | Entered Level 5 of the Dungeon
  3170 | D:5      | Identified Sif Muna's Compendium of Earthen Companions (Sif
                  | Muna gifted it to you on level 5 of the Dungeon)
  3170 | D:5      | Received a gift from Sif Muna
  3174 | D:5      | Learned a level 2 spell: Call Imp
  3236 | D:5      | Reached skill level 1 in Summonings
  3339 | D:5      | Found a staircase to the Ecumenical Temple.
  3377 | Temple   | Entered the Ecumenical Temple
  3894 | D:5      | Reached ** piety under Sif Muna
  3894 | D:5      | Reached XP level 8. HP: 46/46 MP: 18/18
  3954 | D:5      | Got a transparent lead ring
  4270 | D:5      | Found Qeguduff's Magic Scroll Boutique.
  4277 | D:5      | Bought a scroll of identify for 24 gold pieces
  4277 | D:5      | Bought a scroll of identify for 24 gold pieces
  4277 | D:5      | Bought a scroll of identify for 24 gold pieces
  4277 | D:5      | Bought a scroll of identify for 24 gold pieces
  4277 | D:5      | Bought a scroll of teleportation for 36 gold pieces
  4281 | D:5      | Identified the ring "Jyintivi" {Fire rN+} (You found it on
                  | level 5 of the Dungeon)
  5031 | D:6      | Reached *** piety under Sif Muna
  5073 | D:6      | Found Vyugenax's Assorted Antiques.
  5082 | D:6      | Bought a faintly glowing steel amulet for 125 gold pieces
  5180 | D:6      | Learned a level 2 spell: Sticks to Snakes
  5414 | D:6      | Found a runed door.
  5450 | D:6      | Found a glowing golden altar of the Shining One.
  5739 | D:7      | Reached skill level 1 in Transmutations
  5767 | D:7      | Reached XP level 9. HP: 49/51 MP: 21/21
  5795 | D:7      | Reached **** piety under Sif Muna
  5811 | D:7      | Received a gift from Sif Muna
  5878 | D:7      | Learned a level 4 spell: Throw Icicle
  6002 | D:7      | Noticed a deep elf mage
  6165 | D:8      | Noticed Grum
  6174 | D:8      | Reached skill level 1 in Ice Magic
  6174 | D:8      | Killed Grum
  6250 | D:8      | Found the +8 salamander hide armour {+Fog rF++ rC-}
  6277 | D:8      | Slain by an orc warrior

Skill      XL: |  1  2  3  4  5  6  7  8  9 |
---------------+----------------------------+-----
Spellcasting   | 3 4 5 6 7 8 |  8.2
Fire Magic     | 4 5 6 7 8 |  8.6
Conjurations   | 2 3 4 5 7 |  7.7
Summonings     | 1 4 |  4.0
Transmutations | 1 3 |  3.0
Ice Magic      | 2 |  2.1
Dodging        | |  2.6
Stealth        | |  1.5

Action                   |  1- 3 |  4- 6 |  7- 9 || total
-------------------------+-------+-------+-------++-------
Melee: Dagger            |       |       |    91 ||    91
       Staff             |       |       |     8 ||     8
Throw: Tomahawk          |       |       |    21 ||    21
 Cast: Flame Tongue      |    74 |    64 |   225 ||   363
       Conjure Flame     |       |     5 |     1 ||     6
       Call Imp          |       |       |    25 ||    25
       Sticks to Snakes  |       |       |     6 ||     6
       Fireball          |       |       |     2 ||     2
  Use: Potion            |       |     2 |     2 ||     4
       Scroll            |       |       |     7 ||     7
 Stab: Distracted        |       |       |     2 ||     2
  Eat: Chunk             |     2 |     3 |    15 ||    20
Armor: Skin              |     2 |     7 |    33 ||    42
Dodge: Dodged            |    17 |    18 |   115 ||   150
Block: Other             |     5 |     4 |    51 ||    60
